Construct Section Command Post
Selects Australian Defense Battlegroup
Selects Australian Light Infantry Section
Australian Light Infantry Section
Australian Light Infantry Section
Australian Light Infantry Section
Construct Platoon Command Post
Construct Field Infirmary
Selects CMP 15cwt Supply Run
Unlock Bishop Self-propelled Artillery
Bishop Self-propelled Artillery
6-pounder Anti-tank Gun Team
Selects Reinforced Resource Caches
6-pounder Anti-tank Gun Team
6-pounder Anti-tank Gun Team
Selects Archer Tank Destroyer
Bishop Self-propelled Artillery
Selects Defensive Tactics
Australian Light Infantry Section
Construct Company Command Post